Map: Eastwatch LE

Players

Civil

  • Race: Zerg Zerg
  • League: Diamond
  • Spawn Location: 7:00

Trizztein - Winner!

  • Race: Terran Terran
  • League: Diamond
  • Spawn Location: 1:00

VOD

Have the link to the VOD?

Description

Time

  • Played on: March 8, 2018, 7:59 a.m.
  • Length: 15:41
Show
View Real Time Build Order
Export as new Build Order

Civil Zerg 

Build Orders: Hatch First 

Get SALT Encoding   

  12  0:08  Drone x2  
  14  0:16  Overlord  
  14  0:20  Extractor  
  13  0:24  Drone  
  15  0:35  Drone  
  16  0:41  Drone  
  17  0:53  Drone  
  18  1:02  Drone  
  18  1:03  Hatchery  
  18  1:06  Extractor  
  17  1:13  Drone  
  17  1:17  Spawning Pool  
  17  1:23  Drone  
  18  1:34  Drone  
  19  1:45  Drone  
  20  1:55  Overlord  
  20  2:06  Metabolic Boost  
  20  2:11  Queen  
  20  2:13  Zergling x2  
  20  2:14  Hatchery  
  22  2:17  Drone  
  23  2:25  Queen  
  23  2:28  Drone  
  26  2:31  Drone  
  26  2:47  Queen, Drone x2  
  26  2:48  Drone  
  31  2:52  Drone  
  31  2:53  Drone  
  33  2:58  Drone  
  34  3:08  Overlord  
  34  3:10  Drone  
  35  3:16  Zergling x2  
  36  3:23  Overlord  
  36  3:28  Zergling x10  
  36  3:31  Drone  
  43  3:34  Drone x3  
  45  3:50  Drone x5  
  45  3:53  Queen  
  52  3:56  Overlord  
  52  4:02  Drone x3  
  55  4:06  Drone x4  
  56  4:19  Spine Crawler, Drone  
  56  4:20  Drone x5  
  61  4:28  Overlord  
  61  4:32  Zergling x2  
  61  4:33  Zergling x6  
  61  4:35  Zergling x2, Spine Crawler  
  65  4:59  Zergling x16  
  73  5:02  Lair  
  73  5:06  Spore Crawler  
  72  5:08  Drone, Spore Crawler  
  72  5:11  Spore Crawler  
  71  5:19  Zergling x4  
  71  5:20  Zergling x12  
  71  5:21  Zergling x4  
  74  5:22  Zergling x2  
  68  5:30  Drone  
  69  5:36  Drone x4  
  69  5:39  Extractor  
  69  5:40  Drone  
  69  5:41  Overlord x4  
  73  5:44  Extractor x2  
  71  5:51  Drone x2  
  71  5:56  Overlord  
  73  6:01  Evolution Chamber  
  73  6:02  Evolution Chamber, Drone x3  
  73  6:03  Drone x3  
  76  6:14  Drone x5  
  81  6:19  Extractor  
  81  6:21  Extractor  
  81  6:24  Drone  
  81  6:25  Hydralisk Den  
  79  6:27  Drone  
  79  6:28  Infestation Pit  
  79  6:29  Drone x3  
  82  6:32  Zerg Ground Armor Level 1  
  82  6:34  Drone x3  
  82  6:36  Drone  
  82  6:39  Hatchery  
  84  6:52  Zerg Missile Weapons Level 1  
  84  6:53  Spore Crawler  
  83  6:56  Overlord x2  
  83  6:57  Grooved Spines  
  83  7:06  Hive  
  83  7:12  Overlord x3  
  83  7:13  Overlord x2  
  83  7:31  Hydralisk x2  
  83  7:32  Hydralisk x6  
  83  7:34  Zergling x12  
  83  7:35  Zergling x6  
  108  7:39  Baneling Nest, Hatchery x2  
  96  7:52  Hydralisk x2  
  96  7:53  Hydralisk x4  
  96  7:54  Zergling x4  
  105  8:08  Muscular Augments  
  105  8:10  Overlord x2  
  104  8:13  Hydralisk x4  
  110  8:34  Overseer  
  110  8:36  Hydralisk  
  110  8:37  Zergling x6, Hydralisk x2  
  119  8:45  Queen  
  119  8:46  Drone x3  
  124  8:51  Zerg Ground Armor Level 2  
  124  8:53  Zerg Missile Weapons Level 2  
  124  8:54  Spire  
  122  9:03  Queen, Drone x2  
  126  9:14  Adrenal Glands  
  126  9:24  Overlord  
  126  9:25  Hydralisk x6  
  126  9:26  Zergling x20, Hydralisk  
  126  9:27  Zergling x12  
  156  9:36  Spore Crawler  
  156  9:37  Spine Crawler x2  
  153  9:46  Spore Crawler  
  153  9:47  Spore Crawler  
  151  9:56  Drone x2  
  150  10:02  Queen  
  150  10:03  Drone x4  
  154  10:10  Greater Spire  
  151  10:21  Overseer x2  
  151  10:31  Hydralisk  
  151  10:32  Zergling x8, Hydralisk x10  
  151  10:33  Zergling x14  
  165  11:01  Corruptor x7  
  163  11:18  Drone x3  
  166  11:19  Queen  
  167  11:29  Zerg Flyer Weapons Level 1, Zerg Missile Weapons Level 3  
  167  11:33  Spine Crawler, Spore Crawler  
  167  11:34  Spine Crawler  
  167  11:37  Spine Crawler  
  142  11:46  Brood Lord x3  
  144  11:50  Extractor  
  144  11:51  Extractor  
  122  11:56  Extractor x2  
  122  11:58  Brood Lord  
  122  12:00  Drone x3  
  116  12:04  Brood Lord  
  111  12:10  Zergling x4, Hydralisk  
  111  12:11  Zergling x18  
  111  12:12  Zergling x12  
  123  12:38  Hydralisk  
  123  12:39  Zergling x12, Hydralisk x6  
  123  12:40  Zergling x4  
  145  12:56  Hatchery  
  144  13:02  Drone x2  
  144  13:03  Drone x4  
  144  13:04  Drone x3  
  153  13:19  Baneling x7  
  153  13:23  Zerg Flyer Armor Level 1  
  91  13:49  Zergling x4, Hydralisk x8  
  91  13:50  Zergling x6  
  91  13:53  Zergling x4  
  110  13:56  Zergling x2  
  103  14:12  Drone x3  
  106  14:23  Baneling x5  
  106  14:25  Hydralisk  
  106  14:26  Zergling x6  
  106  14:27  Zergling x2  
  106  14:28  Hatchery  
  111  14:38  Hydralisk x3  
  111  14:39  Zergling x6  
  114  14:50  Hydralisk x4  
  114  14:51  Zergling x4  
  117  15:00  Zergling x6, Hydralisk x2  
  117  15:01  Zergling x2  
  101  15:21  Zergling x8  
Show
View Real Time Build Order
Export as new Build Order

Trizztein Terran - Winner!

Build Orders: Reaper Expand, Hellion Banshee, Mech 

Get SALT Encoding   

  12  0:01  SCV  
  13  0:13  SCV  
  14  0:17  Supply Depot  
  14  0:25  SCV  
  15  0:39  SCV  
  15  0:41  Barracks  
  16  0:45  Refinery  
  16  0:51  SCV  
  17  1:03  SCV  
  18  1:15  SCV  
  19  1:29  Reaper, Orbital Command  
  20  1:45  Command Center  
  20  1:55  SCV  
  20  1:56  Supply Depot  
  21  2:02  Marine  
  21  2:07  SCV  
  23  2:11  Factory  
  23  2:18  Refinery  
  23  2:20  SCV  
  24  2:23  Barracks Reactor  
  24  2:33  SCV  
  25  2:45  SCV  
  26  2:57  SCV, Starport  
  27  2:58  Orbital Command  
  27  3:08  Hellion x2  
  27  3:09  SCV  
  27  3:11  Barracks Tech Lab  
  32  3:21  SCV  
  32  3:23  Supply Depot  
  32  3:26  SCV  
  34  3:30  Hellion  
  34  3:33  SCV  
  37  3:36  Hellion  
  39  3:44  Banshee  
  39  3:45  Cloaking Field  
  39  3:48  SCV x2  
  44  3:54  Hellion  
  46  3:57  Hellion  
  46  4:00  Supply Depot, SCV x2  
  50  4:12  SCV  
  50  4:14  Supply Depot  
  50  4:15  SCV  
  50  4:16  Armory  
  52  4:19  Hellion  
  55  4:24  SCV  
  55  4:28  SCV  
  56  4:36  SCV  
  57  4:40  SCV, Banshee  
  61  4:48  Command Center, SCV  
  61  4:50  Supply Depot  
  62  4:53  SCV  
  63  5:00  SCV  
  63  5:01  Refinery  
  63  5:03  Refinery  
  63  5:05  SCV  
  65  5:12  SCV  
  66  5:17  Hellion x2  
  64  5:28  SCV  
  57  5:33  Terran Vehicle Weapons Level 1  
  57  5:35  Factory  
  57  5:36  Factory  
  57  5:38  Hellion x2  
  61  5:45  SCV  
  61  5:46  SCV  
  61  5:49  Supply Depot, Viking  
  65  5:58  SCV x2  
  65  6:00  Hellion  
  65  6:01  Orbital Command  
  65  6:03  Hellion  
  71  6:10  SCV x2  
  73  6:19  Supply Depot, Factory Tech Lab  
  73  6:20  Factory Tech Lab  
  73  6:21  Supply Depot, Medivac, Hellion  
  73  6:22  SCV x2  
  79  6:26  Factory  
  79  6:28  SCV  
  80  6:34  SCV  
  80  6:35  SCV  
  80  6:38  Thor  
  88  6:44  Thor  
  94  6:49  Orbital Command  
  94  6:51  Armory  
  93  7:00  Engineering Bay  
  93  7:01  Supply Depot  
  93  7:03  Supply Depot  
  93  7:08  Hellion x2  
  97  7:12  Factory, Factory Reactor  
  97  7:15  SCV x2  
  99  7:16  Supply Depot  
  99  7:21  Infernal Pre-Igniter, Siege Tank  
  102  7:27  Hellion  
  108  7:30  Hellion x2  
  108  7:32  Starport Reactor  
  108  7:33  SCV x3  
  111  7:41  Terran Vehicle Weapons Level 2  
  111  7:45  SCV x2  
  111  7:49  SCV, Hellion x3  
  118  7:51  Hellion  
  118  7:52  Hellion  
  118  7:57  SCV x2  
  120  8:02  SCV  
  120  8:05  Refinery  
  121  8:06  Refinery  
  121  8:09  SCV x2  
  123  8:19  Siege Tank x2, Liberator  
  135  8:20  Hellion x3  
  135  8:21  SCV  
  135  8:22  SCV  
  135  8:23  Supply Depot  
  135  8:24  Terran Vehicle And Ship Armor Level 1  
  135  8:25  Supply Depot  
  137  8:32  Factory Tech Lab  
  134  8:42  Hellion x3  
  134  8:45  Hellion  
  134  8:46  Hellion x6  
  140  8:51  Supply Depot, Hellion x2  
  140  8:52  Siege Tank  
  143  8:56  Supply Depot  
  143  9:01  Building Armor  
  143  9:02  SCV  
  144  9:03  Hellion  
  144  9:08  Hellion x3  
  152  9:10  Command Center  
  152  9:12  Siege Tank  
  152  9:13  Hellion  
  152  9:14  Sensor Tower  
  157  9:19  SCV x2  
  157  9:20  SCV  
  160  9:24  Hellion  
  160  9:27  Hellion  
  160  9:29  Hellion  
  160  9:31  SCV x2  
  168  9:32  SCV  
  168  9:33  Hellion x2  
  173  9:39  Supply Depot  
  173  9:40  Hellion  
  173  9:41  Supply Depot x2  
  173  9:43  SCV x2  
  173  9:45  Hellion  
  179  9:46  Hellion  
  181  10:00  SCV  
  181  10:01  Hellion x3  
  181  10:03  Hellion x2  
  181  10:06  Siege Tank  
  195  10:13  Hellion  
  195  10:14  Terran Vehicle Weapons Level 3  
  197  10:21  Terran Vehicle And Ship Armor Level 2  
  197  10:22  Hellion x14  
  193  10:35  Hellion x2  
  197  10:36  Hellion  
  199  10:49  Bunker  
  199  10:54  Missile Turret  
  199  10:55  Siege Tank x2  
  199  10:56  Hellion x3  
  189  11:10  Hellion x2  
  193  11:17  Siege Tank  
  196  11:19  Command Center, Hellion  
  195  11:27  Siege Tank, Hellion  
  196  11:49  Siege Tank, Hellion x2  
  196  11:52  Hellion x2  
  196  11:54  Siege Tank  
  200  11:59  Orbital Command  
  198  12:02  Hellion  
  198  12:05  Planetary Fortress  
  199  12:21  Siege Tank  
  194  12:23  Siege Tank  
  194  12:26  Siege Tank  
  194  12:27  Starport  
  194  12:30  Hellion x2  
  194  12:31  Refinery  
  194  12:33  Refinery  
  174  12:43  Starport  
  168  12:44  Starport  
  168  12:46  SCV x3  
  165  12:51  Viking x2  
  170  12:58  SCV  
  170  13:00  SCV x2  
  170  13:05  Refinery  
  172  13:08  Viking  
  172  13:10  SCV  
  172  13:12  SCV  
  176  13:16  Sensor Tower  
  176  13:21  Viking x2  
  176  13:26  Viking x2  
  166  13:36  Hellion x2  
  166  13:38  Hellion x3, Viking  
  166  13:39  Hellion x4  
  155  13:51  Viking x2  
  156  13:56  Viking x2  
  156  13:57  Hellion x2  
  156  14:00  Hellion x4  
  172  14:08  Viking  
  174  14:15  Siege Tank  
  177  14:18  Hellion  
  177  14:19  Hellion  
  177  14:21  Siege Tank, Viking x2  
  188  14:26  Viking  
  188  14:29  SCV x2  
  192  14:39  Hellion  
  192  14:40  Siege Tank, Hellion  
  199  14:50  Siege Tank, Hellion x2  
  192  14:53  Siege Tank  
  193  15:01  Hellion x2  
  193  15:05  SCV x2  
  199  15:11  Command Center, Hellion  
  199  15:12  Hellion  
Tags
 
Add a new tag
Caveats
  • Supply blocks, unpowered buildings, or Contaminate may cause inaccurate times.
  • Supply counts are checked every 10 seconds.